 Dungeon Crawl Stone Soup version 0.24.0-123-gd5b16e6ec5 (webtiles) character file.

Game seed: 2568603470495996255, levelgen mode: deterministic

2424 Descartes the Sneak (level 9, 0/42 HPs)
             Began as a Spriggan Wizard on Dec 26, 2019.
             Was an Initiate of Gozag.
             Slain by an orc warrior
             ... wielding a +0 war axe
              (23 damage)
             ... on level 6 of the Dungeon.
             The game lasted 00:38:12 (14716 turns).

Descartes the Sneak (Spriggan Wizard)              Turns: 14716, Time: 00:38:13

Health: 0/42       AC:  2    Str:  5    XL:     9   Next: 24%
Magic:  20/20      EV: 22    Int: 23    God:    Gozag
Gold:   1202       SH:  0    Dex: 14    Spells: 15/21 levels left

rFire    . . .     SeeInvis +   x - +2 dagger (distort)
rCold    . . .     Gourm    .   (shield restricted)
rNeg     . . .     Faith    .   f - +0 robe
rPois    +         Spirit   .   m - +0 hat
rElec    .         Reflect  .   (no cloak)
rCorr    .         Harm     .   (gloves unavailable)
MR       ++...                  (boots unavailable)
Stlth    ++++......             (no amulet)
HPRegen  0.14/turn              k - ring of protection from magic
MPRegen  0.17/turn              d - ring of poison resistance

@: gold aura, very quick
A: very small, unfitting armour, see invisible, herbivore, speed 3, robust 1,
slow metabolism 2, strong 1
a: Potion Petition, Call Merchant, Bribe Branch, Renounce Religion


You were on level 6 of the Dungeon.
You worshipped Gozag.
Gozag was most pleased with you.
You were hungry.

You visited 1 branch of the dungeon, and saw 6 of its levels.

You collected 1220 gold pieces.
You paid 18 gold pieces to Gozag.

Inventory:

Hand Weapons
 b - a +0 hunting sling
 x - a +2 dagger of distortion (weapon)
 A - a +0 rapier
 D - a +0 fustibalus
Missiles
 g - 2 throwing nets (quivered)
 h - 88 stones
 l - 24 sling bullets
 q - 30 bolts
 u - 62 arrows
 v - 4 boomerangs
Armour
 f - a +0 robe (worn)
 m - a +0 hat (worn)
 o - a +0 buckler
Jewellery
 d - a ring of poison resistance (right hand)
 k - a ring of protection from magic (left hand)
Wands
 y - a wand of iceblast (1)
Scrolls
 c - a scroll of fear
 e - 2 scrolls of identify
 i - a scroll of amnesia {unknown}
 r - 2 scrolls of teleportation
 t - a scroll of blinking {unknown}
 C - a scroll of magic mapping {unknown}
 E - a scroll of noise {unknown}
 I - a scroll of random uselessness {unknown}
Potions
 a - 3 potions of ambrosia
 j - 2 potions of lignification
 n - a potion of flight {unknown}
 p - 2 potions of might {unknown}
 s - a potion of magic {unknown}
 w - a potion of mutation
 z - a potion of brilliance {unknown}
 B - a potion of curing
 G - a potion of invisibility {unknown}
 H - a potion of agility {unknown}
Comestibles
 F - 2 rations


   Skills:
 + Level 3.2 Short Blades
 + Level 7.1 Dodging
 + Level 7.7 Stealth
 * Level 4.4 Shields
 + Level 6.7 Spellcasting
 + Level 3.2 Conjurations
   Level 0.7 Summonings
 + Level 4.3 Translocations
 + Level 2.0 Fire Magic
 + Level 3.4 Evocations


You had 15 spell levels left.
You knew the following spells:

 Your Spells              Type           Power        Failure   Level  Hunger
a - Magic Dart            Conj           ###.         1%          1    None
b - Conjure Flame         Conj/Fire      ###.....     8%          3    None
c - Blink                 Tloc           N/A          1%          2    None

Your spell library contained the following spells:

 Spells                   Type           Power        Failure   Level  Hunger
 Call Imp                 Summ           ##......     9%          2    None
 Slow                     Hex            #.......     12%         2    None
 Mephitic Cloud           Conj/Pois/Air  ##......     16%         3    None


Dungeon Overview and Level Annotations

Branches:
Dungeon (6/15)
 Temple: D:4-7

Altars:
Dithmenos
Gozag
Nemelex Xobeh
Qazlal
Xom
Zin


Innate Abilities, Weirdness & Mutations

You are very small and have problems with some larger weapons.
You are too small for most types of armour.
You have supernaturally acute eyesight. (SInv)
You are a herbivore.
You cover ground extremely quickly.
You need to consume almost no food.
You are robust. (+10% HP)
Your muscles are strong. (Str +2)


Message History

You open the door.
The orc warrior is too close now for your liking.
There is an open door here.
An orc warrior is nearby!
The orc warrior hits you with a +0 war axe!!
You barely miss the orc warrior.
The orc warrior is lightly wounded.
You barely miss the orc warrior.
The orc warrior is lightly wounded.
The orc warrior closely misses you.
You hit the orc warrior.
The orc warrior is lightly wounded.
The orc warrior blinks!
You see here a chain mail.
You barely miss the orc warrior.
The orc warrior is lightly wounded.
The orc warrior hits you with a +0 war axe!!
Ouch! That really hurt!
You die...
Your body crumbles into a pile of gold.

####.#.......#
#.#.......# #.#.......#
#.#..<##'##
#.#####8.#### .#
#.##..+..'..##.# #.# #.#
.8#..#8..#.# #.## #.#
########.#.. ....
#.#+#)o@.$)#'#.# #.##
#.#.###'####.#.### #.##
#.#..8#..#8..#...# ##.##
#.##..+..'..##.#.###..##
#.#####.8####......)....
#.##..####........##.###
#.##.##........#..##.###
#.##.##########.........
#^##.# #.........


You could see an orc warrior.

Vanquished Creatures
  A troll (D:6)
  Grinder (D:3)
  An ogre (D:6)
  A phantom (D:6)
  A centaur (D:5)
  2 bullfrogs (D:6)
  A scorpion (D:6)
  A howler monkey (D:6)
  4 crimson imps
  3 gnoll shamans (D:4)
  7 hounds
  3 orc wizards
  2 orc priests
  A centaur skeleton (D:4)
  Ijyb (D:4)
  An iguana (D:4)
  3 worker ants (D:4)
  A killer bee zombie (D:5)
  Robin (D:1)
  31 gnolls (D:4)
  10 adders
  A shadow imp (D:6)
  An ooze (D:3)
  2 adder skeletons
  2 adder zombies (D:6)
  4 worms
  A dart slug (D:1)
  4 leopard geckos
  14 orcs
  3 ball pythons
  9 bats
  5 giant cockroaches
  14 goblins
  9 hobgoblins
  21 jackals
  A quokka (D:5)
  8 frilled lizards
  4 kobolds
  A leopard gecko skeleton (D:4)
  A quokka skeleton (D:4)
  12 rats
  A fungus (D:1)
195 creatures vanquished.

Vanquished Creatures (others)
  An ice beast (D:6)
  A gnoll sergeant (D:4)
  A hound (D:6)
  3 orc priests
  A worker ant (D:4)
  A gnoll (D:4)
8 creatures vanquished.

Grand Total: 203 creatures vanquished

Notes
Turn   | Place    | Note
-------+----------+-------------------------------------------
     0 | D:1      | Descartes the Spriggan Wizard began the quest for the Orb.
     0 | D:1      | Reached XP level 1. HP: 9/9 MP: 6/6
   403 | D:1      | Reached XP level 2. HP: 13/13 MP: 5/8
   477 | D:1      | Reached skill level 1 in Conjurations
  1140 | D:1      | Reached XP level 3. HP: 16/16 MP: 2/9
  1788 | D:1      | Learned a level 3 spell: Conjure Flame
  2231 | D:2      | HP: 1/24 [poisoned by an adder]
  2746 | D:2      | Found a stormy altar of Qazlal.
  2747 | D:2      | Found a shimmering altar of Xom.
  2747 | D:2      | Found an opulent altar of Gozag.
  2753 | D:2      | Became a worshipper of Gozag Ym Sagoz the Greedy
  2954 | D:2      | Found a sparkling altar of Nemelex Xobeh.
  3437 | D:2      | Noticed Robin
  3656 | D:1      | Learned a level 2 spell: Blink
  3791 | D:1      | Killed Robin
  4639 | D:2      | Reached XP level 4. HP: 21/21 MP: 6/11
  5251 | D:3      | Found a shadowy altar of Dithmenos.
  5345 | D:3      | Reached skill level 1 in Shields
  5959 | D:3      | Noticed Grinder
  5972 | D:3      | Reached XP level 5. HP: 24/24 MP: 5/13
  6520 | D:4      | Noticed Ijyb
  7401 | D:3      | Found a shadowy altar of Dithmenos.
  8026 | D:3      | Found a shadowy altar of Dithmenos.
  8077 | D:3      | Killed Grinder
  8077 | D:3      | Reached skill level 5 in Dodging
  8077 | D:3      | Reached skill level 5 in Stealth
  8077 | D:3      | Reached skill level 5 in Spellcasting
  8077 | D:3      | Reached XP level 6. HP: 18/28 MP: 7/14
  8845 | D:4      | Killed Ijyb
  8974 | D:4      | Reached XP level 7. HP: 21/32 MP: 10/16
  9933 | D:4      | Reached skill level 1 in Short Blades
 11099 | D:4      | Reached skill level 1 in Evocations
 11156 | D:4      | Gained mutation: Your muscles are strong. (Str +2) [potion
                  | of mutation]
 11156 | D:4      | Gained mutation: You are robust. (+10% HP) [potion of
                  | mutation]
 12010 | D:4      | Reached XP level 8. HP: 39/39 MP: 12/17
 12518 | D:5      | Entered Level 5 of the Dungeon
 12584 | D:5      | Reached skill level 1 in Fire Magic
 13102 | D:5      | Found a glowing silver altar of Zin.
 14228 | D:6      | Reached XP level 9. HP: 14/42 MP: 19/19
 14696 | D:6      | Noticed a troll
 14704 | D:6      | Killed a troll
 14716 | D:6      | Slain by an orc warrior

Levels and vault maps discovered:
D:1:      dpeg_cavernosity, layout_loops_ring
D:2:      layout_basic, old_standard_altar,
          chequers_temple_overflow_statue_of_worship, uniq_robin
D:3:      layout_rooms, nicolae_dithmenos_shadow_blocks, uniq_grinder
D:4:      lemuel_castle_with_subvaults [lemuel_castle_interior_carwin_3],
          layout_gridville, uniq_ijyb
D:5:      layout_loops_ring, overflow_temple_1_default, first_ration
D:6:      minmay_chambers_of_sixes, layout_rooms, temple_pool_b, st_stairs_11

Skill      XL: |  1  2  3  4  5  6  7  8  9 |
---------------+----------------------------+-----
Conjurations   | 1 2 3 |  3.2
Stealth        | 4 5 6 7 |  7.7
Dodging        | 4 5 6 7 |  7.1
Shields        | 1 2 3 4 |  4.4
Spellcasting   | 5 6 |  6.7
Short Blades   | 1 3 |  3.2
Translocations | 2 4 |  4.3
Evocations     | 1 3 |  3.4
Fire Magic     | 1 2 |  2.0
Summonings     | |  0.7

Action                   |  1- 3 |  4- 6 |  7- 9 || total
-------------------------+-------+-------+-------++-------
Melee: Dagger            |    51 |    51 |   191 ||   293
 Cast: Magic Dart        |   166 |   208 |   376 ||   750
       Blink             |     1 |       |       ||     1
  Use: Potion            |     1 |       |     1 ||     2
       Scroll            |       |       |     7 ||     7
 Stab: Sleeping          |       |     1 |     8 ||     9
       Distracted        |       |       |     1 ||     1
  Eat: Ration            |     1 |     1 |     3 ||     5
Armor: Robe              |     7 |     6 |     9 ||    22
Dodge: Dodged            |    55 |    49 |   144 ||   248
